 Dungeon Crawl Stone Soup version 0.29-a0-333-gb4c28e87c6 (webtiles) character file.

Game seed: 16410512900444248084

8 Jortsu the Skirmisher (level 2, 23/24 HPs)
             Began as a Demonspawn Fighter on Apr 13, 2022.
             Quit the game on level 1 of the Dungeon.
             The game lasted 00:00:15 (86 turns).

Jortsu the Skirmisher (Demonspawn Fighter)            Turns: 86, Time: 00:00:16

Health: 23/24      AC:  6    Str: 16    XL:     2   Next: 0%
Magic:  2/2        EV:  8    Int:  9    God:
Gold:   0          SH:  4    Dex: 12    Spells: 1/1 levels left

rFire   . . .      SeeInvis .   a - +0 war axe
rCold   . . .      Faith    .   c - +0 buckler
rNeg    . . .      Spirit   .   b - +0 scale mail
rPois   .          Reflect  .   (no helmet)
rElec   .          Harm     .   (no cloak)
rCorr   .          Rampage  .   (no gloves)
Will    .....                   (no boots)
Stlth   ..........              (no amulet)
HPRegen 0.08/turn               (no ring)
MPRegen 0.08/turn               (no ring)

@: no status effects
A: powered by pain 1
a: no special abilities


You were on level 1 of the Dungeon.
You visited 1 branch of the dungeon, and saw 1 of its levels.

Inventory:

Hand Weapons
 a - a +0 war axe (weapon)
Armour
 b - a +0 scale mail (worn)
 c - a +0 buckler (worn)
Potions
 d - a potion of might
 e - a potion of haste {unknown}


   Skills:
 + Level 3.1 Fighting
 + Level 1.8 Axes
 + Level 2.9 Armour
 + Level 2.8 Shields


You had one spell level left.
You didn't know any spells.
Your spell library was empty.

Dungeon Overview and Level Annotations

Branches:
Dungeon (1/15)

Altars:


Innate Abilities, Weirdness & Mutations

You sometimes gain a little power by taking damage.


Message History

A dart slug is nearby!
Found a stone staircase leading down.
The dart slug launches a dart at you.
The slug dart hits you but does no damage.
You slash the dart slug!
You kill the dart slug!
You see here a dart slug corpse.
You open the door.
There is an open door here.
You open the door.
There is an open door here.
A bat comes into view.
Found a scale mail.
You block the bat's attack.
You hit the bat.
You kill the bat!
You see here a bat corpse.
A dart slug comes into view.
You see here a +0 scale mail.
You slash the dart slug!
You kill the dart slug!
You see here a dart slug corpse.
A kobold comes into view. It is wielding a +0 club.
Found a whip.
The kobold shouts!
A hobgoblin comes into view.
The hobgoblin shouts!
The kobold throws a stone.
You block the stone.
The kobold throws a stone.
The stone hits you but does no damage. The kobold hits you but does no damage.
The hobgoblin completely misses you.
You barely miss the kobold. You closely miss the hobgoblin.
The kobold hits you with a +0 club. The hobgoblin closely misses you. x2
You block the kobold's attack.
You slash the kobold!
You kill the kobold!
You closely miss the hobgoblin.
The hobgoblin hits you but does no damage.
You have reached level 2!
Your demonic ancestry asserts itself...
You feel energised by your suffering.
Are you sure you want to abandon this character and quit the game? (Confirm with "yes".)

........# ........#
#.......#
....[...##
#.......#
.........#
#.......#
.........#
#.......#
....†....#
#.......#
.........#
#..)....#
.........#
#..g.)..#
#####.#..#
#...@...# #.#.##
#.......# #.#.#
#.......#
#.#.#####.......#
#.#................
#.########...#####.
#.# ##### # #.#


You could see a hobgoblin.

Vanquished Creatures
  2 dart slugs (D:1)
  A giant cockroach (D:1)
  A bat (D:1)
  A kobold (D:1)
5 creatures vanquished.

Notes
Turn   | Place    | Note
-------+----------+-------------------------------------------
     0 | D:1      | Jortsu the Demonspawn Fighter began the quest for the Orb.
     0 | D:1      | Reached XP level 1. HP: 18/18 MP: 1/1
    86 | D:1      | Gained mutation: You sometimes gain a little power by
                  | taking damage. [demonic ancestry]
    86 | D:1      | Reached XP level 2. HP: 23/24 MP: 2/2
    86 | D:1      | Quit the game

Illustrated notes

Levels and vault maps discovered:
D:1:      mushboom_english_gardens, layout_basic, basic_ecumenical_altar

Action                   || total
-------------------------++-------
Melee: War axe           ||    13
Armor: Scale mail        ||     9
Dodge: Dodged            ||    10
Block: Buckler           ||     4

Table legend: (Time is in decaauts)
 A = Elapsed time spent in this place.
 B = Non-inter-level travel time spent in this place.
 C = Inter-level travel time spent in this place.
 D = Time resting spent in this place.
 E = Time spent auto-exploring this place.
 F = Levels seen in this place.
 G = Mean time per level.
                   A        B        C        D        E       F      G
               +--------+--------+--------+--------+--------+-----+--------+
         Total |     91 |     91 |      0 |      0 |     44 |   1 |   91.0 |
       Dungeon |     91 |     91 |      0 |      0 |     44 |   1 |   91.0 |
               +--------+--------+--------+--------+--------+-----+--------+

Top non-repeatable levels by time:
     D:1: 91 daAuts
